 Dungeon Crawl Stone Soup version 0.31-a0-1074-g0b22e4e0f1 (webtiles) character file.

Game seed: 283750254358529632

131 NogeeEf the Sneak (level 4, -10/21 HPs)
             Began as a Vampire Earth Elementalist on Dec 2, 2023.
             Was a Follower of Kikubaaqudgha.
             Killed by divine providence
             ... invoked by an orc priest
              (15 damage)
             ... on level 3 of the Dungeon.
             The game lasted 00:08:33 (2230 turns).

NogeeEf the Sneak (Vampire Earth Elementalist)      Turns: 2230, Time: 00:08:34

Health: -10/21     AC:  0    Str:  4 (7)  XL:     4   Next: 91%
Magic:  1/7        EV: 20    Int: 13 (17) God:    Kikubaaqudgha [*.....]
Gold:   35         SH:  0    Dex: 17 (21) Spells: 0/8 levels left

rFire   . . .        c - melded +0 dagger
rCold   + + .        (shield currently unavailable)
rNeg    + + +        a - melded +0 robe
rPois   ∞            (helmet currently unavailable)
rElec   .            (cloak currently unavailable)
rCorr   .            (gloves currently unavailable)
SInv    +            (boots currently unavailable)
Will    .....        (no amulet)
Stlth   +++++        f - melded ring of wizardry
HPRegen 0.00/turn    h - melded ring of willpower
MPRegen 0.10/turn

%: no passive effects
@: bat-form, flying, bloodless, inhibited regen, very quick
A: fast, flying, no casting, tiny, bloodless, fangs 3, see invisible, vampiric
2, [frail 1]
a: Revivify, End Transformation, Renounce Religion, Unearth Wretches


You were on level 3 of the Dungeon.
You worshipped Kikubaaqudgha.
Kikubaaqudgha was aware of your devotion.
You were a vampire bat.
You visited 1 branch of the dungeon, and saw 3 of its levels.

You collected 35 gold pieces.

Inventory:

Hand Weapons
 c - a +0 dagger (melded)
Armour
 a - a +0 robe (melded)
Jewellery
 d - a ring of fire
 f - a ring of wizardry (melded)
 h - a ring of willpower (melded)
 i - an amulet of reflection
Talismans
 e - a beast talisman
Scrolls
 j - 2 scrolls of identify {unknown}
 k - 2 scrolls of immolation {unknown}
Potions
 b - 2 potions of magic
 g - a potion of heal wounds {unknown}
 l - 3 potions of haste {unknown}
 m - a potion of enlightenment {unknown}


   Skills:
 + Level 1.7 Short Blades
 - Level 0.1 Armour
 + Level 3.2 Dodging
 + Level 4.1 Stealth
 + Level 2.6 Spellcasting
 + Level 1.2 Necromancy
 - Level 1.3 Transmutations
 + Level 3.5 Earth Magic


You couldn't memorise any spells.
You knew the following spells:

 Your Spells              Type           Power      Damage    Failure   Level
a - Sandblast             Erth           22%        2d7       5%          1
b - Stone Arrow           Conj/Erth      12%        3d7       34%         3
c - Animate Dead          Necr           4%         N/A       82%         4

Your spell library contained the following spells:

 Spells                   Type           Power      Damage    Failure   Level
 Passwall                 Tmut/Erth      6%         N/A       13%         2
 Necrotise                Necr           16%        1d4       14%         1
 Kiss of Death            Conj/Necr      12%        2d6       19%         1
 Sublimation of Blood     Necr           4%         N/A       22%         2
 Apportation              Tloc           2%         N/A       24%         1
 Summon Small Mammal      Summ           4%         N/A       24%         1
 Vampiric Draining        Necr           4%         2d6       41%         3
 Petrify                  Tmut/Erth      8%         N/A       65%         4
 Brom's Barrelling Bould  Conj/Erth      6%         2d3       75%         4
 Agony                    Necr           4%         N/A       99%         5


Dungeon Overview and Level Annotations

Branches:
Dungeon (3/15)

Altars:
Kikubaaqudgha

Annotations:
D:2 Sigmund


Innate Abilities, Weirdness & Mutations

You are a vampire bat.
You are tiny and dextrous.
You move quickly.
You are flying.
You are immune to poison.
Your equipment is almost entirely melded.
You are incapable of wielding weapons or throwing items.
You cannot cast spells.
You do not regenerate when monsters are visible.
You are frail without blood (-20% HP).
You can heal yourself when you bite living creatures.
You are immune to poison.
You have razor-sharp teeth.
You have supernaturally acute eyesight. (SInv)
You are afflicted with vampirism and can become a bat while bloodless.
[You are frail. (-10% HP)]


Message History

Unknown command.
Casting: Sandblast (safe; 1% risk of failure)
Confirm with . or Enter, or press ? or * to list all spells.
Aiming: Sandblast (safe; 1% risk of failure)
Press: ? - help, Shift-Dir - straight line, f - orc
Aim: an orc, wielding a +0 mace and wearing a +0 leather armour (82% to hit)
The blast of sand misses the orc.
The blast of sand misses the orc priest.
The orc hits you but does no damage.
Casting: Sandblast (safe; 1% risk of failure)
Confirm with . or Enter, or press ? or * to list all spells.
Aiming: Sandblast (safe; 1% risk of failure)
Press: ? - help, Shift-Dir - straight line, f - orc priest, p - orc
Aim: an orc priest, wielding a +0 flail and wearing a +0 ring mail (84% to hit)
The blast of sand hits the orc priest but does no damage.
The orc priest closely misses you. The orc hits you with a +0 club.
The orc completely misses you. The orc priest barely misses you.
The orc barely misses you. x2
Okay, then.
You fail to use your ability.
The orc priest hits you with a +0 flail.
The orc barely misses you. The orc hits you with a +0 mace.
You fail to use your ability.
The orc priest hits you with a +0 flail!
* * * LOW HITPOINT WARNING * * *
The orc barely misses you. The orc closely misses you.
The orc priest attacks as it pursues you!
The orc priest misses you.
You turn into a vampire bat.
Your +0 dagger melds into your body.
Your +0 robe melds into your body.
Your ring of wizardry melds into your body.
Your ring of willpower melds into your body.
You feel weakened.
You feel dopey.
You feel clumsy. The orc closely misses you. The orc priest closely misses you.
There is an open door here.
The orc priest calls down the wrath of Beogh upon you.
Beogh smites you!
Ouch! That really hurt!
You die...
Kikubaaqudgha rasps: "You have failed me!
Welcome... oblivion!"

##### #.#..(..# #'# .Z..#
#.#.....# #.#
###.#####.#.....###### #.# #
#.....#.#..........# #.# #
####.##.#.)........# #.# .... #
#.........###......# #.# ....
###.#.....#.###......###.####o...
#.......#....##......#o.....#o...
#.#..........#..b...o'o.....#..o.
#.#####....#.#.#######......#....
#.#...#....#.#.# ###......#....
#.##.##....#.#.# #.......).....
#..............# #........©....
#........#..#### #..###########
#.##...........# #..#.....($..
..#########....# #..#..........
###########....# #. #..##...##.


You could see an orc priest and 2 orcs.

Vanquished Creatures
  Natasha (twice) (D:2)
  2 adders
  A worm (D:3)
  A dart slug (D:1)
  6 orcs (D:3)
  5 ball pythons
  5 endoplasms
  6 goblins
  3 hobgoblins (D:1)
  4 jackals (D:1)
  2 quokkas
  6 bats
  A frilled lizard (D:1)
  5 kobolds
  A rat (D:2)
50 creatures vanquished.

Vanquished Creatures (others)
  An endoplasm (D:3)
  A goblin (D:3)
  A goblin zombie (D:3)
3 creatures vanquished.

Grand Total: 53 creatures vanquished

Notes
Turn   | Place    | Note
-------+----------+-------------------------------------------
     0 | D:1      | NogeeEf the Vampire Earth Elementalist began the quest for
                  | the Orb.
     0 | D:1      | Reached XP level 1. HP: 13/13 MP: 3/3
   223 | D:1      | Reached XP level 2. HP: 15/15 MP: 5/5
   323 | D:1      | Found a faded altar of an unknown god.
   435 | D:1      | Prayed at the altar of an unknown god.
   435 | D:1      | Became a worshipper of Kikubaaqudgha
   435 | D:1      | Reached * piety under Kikubaaqudgha
   435 | D:1      | Received a gift from Kikubaaqudgha
   666 | D:1      | Gained mutation: You are afflicted with vampirism and can
                  | become a bat while bloodless. [Vampire growth]
   666 | D:1      | Reached XP level 3. HP: 19/19 MP: 2/6
  1021 | D:2      | Noticed Natasha
  1030 | D:2      | Killed Natasha
  1031 | D:2      | Reached skill level 1 in Short Blades
  1137 | D:2      | Reached XP level 4. HP: 24/24 MP: 7/7
  1343 | D:2      | Noticed Natasha
  1353 | D:2      | Killed Natasha
  1354 | D:2      | Reached skill level 4 in Stealth
  1354 | D:2      | Reached skill level 1 in Necromancy
  1367 | D:2      | Learned a level 3 spell: Stone Arrow
  1372 | D:2      | Learned a level 4 spell: Animate Dead
  1404 | D:2      | Reached ** piety under Kikubaaqudgha
  1417 | D:2      | Noticed Sigmund
  2230 | D:3      | Killed from afar by an orc priest

Illustrated notes

Levels and vault maps discovered:
D:1:      saegor_arrival_simple_a, layout_loops_ring,
          nicolae_ecumenical_lake_church, minmay_bisected
D:2:      minmay_diamond_boxcup, layout_basic, basic_altar, serial_curves,
          eino_curves_04, eino_curves_01, kennysheep_generic_room_3,
          uniq_natasha, uniq_robin, uniq_crazy_yiuf_cottage, uniq_sigmund
D:3:      layout_basic, gammafunk_ghost_mausoleum

Skill      XL: |  1  2  3  4 |
---------------+-------------+-----
Short Blades   | 1 |  1.7
Dodging        | 3 |  3.2
Stealth        | 4 |  4.1
Necromancy     | 1 |  1.2
Armour         | |  0.1
Spellcasting   | |  2.6
Transmutations | |  1.3
Earth Magic    | |  3.5

Action                     |  1- 3 |  4- 6 || total
---------------------------+-------+-------++-------
  Melee: Dagger            |    26 |    21 ||    47
         Bite              |       |     3 ||     3
   Cast: Sandblast         |    27 |    26 ||    53
         Animate Dead      |       |     1 ||     1
 Invoke: Unearth Wretches  |       |     1 ||     1
Ability: Exsanguinate      |     1 |     1 ||     2
         Bat Form          |       |     2 ||     2
         Revivify          |       |     1 ||     1
    Use: Scroll            |     2 |       ||     2
   Stab: Sleeping          |     8 |     6 ||    14
 Armour: Robe              |    15 |    18 ||    33
  Dodge: Dodged            |    19 |    29 ||    48

Table legend: (Time is in decaauts)
 A = Elapsed time spent in this place.
 B = Non-inter-level travel time spent in this place.
 C = Inter-level travel time spent in this place.
 D = Time resting spent in this place.
 E = Time spent auto-exploring this place.
 F = Levels seen in this place.
 G = Mean time per level.
                   A        B        C        D        E       F      G
               +--------+--------+--------+--------+--------+-----+--------+
         Total |   2237 |   2194 |     43 |    287 |   1427 |   3 |  745.7 |
       Dungeon |   2237 |   2194 |     43 |    287 |   1427 |   3 |  745.7 |
               +--------+--------+--------+--------+--------+-----+--------+

Top non-repeatable levels by time:
     D:1: 968 daAuts
     D:3: 746 daAuts
     D:2: 522 daAuts
